Map: Terraform LE (Void)

Players

DepthDefying

  • Race: Zerg Zerg
  • League: Platinum

Walnut - Winner!

  • Race: Protoss Protoss
  • League: Platinum

VOD

Have the link to the VOD?

Description

Time

  • Played on: Sept. 9, 2015, 9:02 p.m.
  • Length: 12:55
Show
View Real Time Build Order
Export as new Build Order

DepthDefying Zerg 

Build Orders: Hatch First 

Get SALT Encoding   

  12  0:01  Drone  
  13  0:08  Drone  
  14  0:17  Overlord  
  14  0:23  Extractor  
  14  0:24  Drone  
  15  0:36  Drone  
  15  0:37  Drone  
  17  0:54  Hatchery  
  16  1:01  Drone x2  
  18  1:22  Spawning Pool  
  18  1:23  Drone  
  18  1:34  Drone x2  
  18  1:37  Extractor  
  19  1:54  Drone  
  19  1:55  Drone  
  21  2:03  Hatchery  
  20  2:10  Drone x2  
  22  2:16  Queen  
  22  2:20  Queen  
  26  2:27  Overlord  
  26  2:36  Drone  
  26  2:37  Drone  
  28  2:44  Metabolic Boost  
  28  2:48  Zergling x4  
  30  2:52  Drone x3  
  33  3:16  Queen  
  33  3:18  Drone x5  
  40  3:23  Roach Warren  
  40  3:25  Extractor  
  38  3:31  Lair  
  38  3:35  Drone  
  38  3:36  Drone  
  38  3:39  Drone x2  
  42  3:43  Overlord  
  42  3:58  Overlord x3  
  42  4:06  Drone  
  42  4:07  Drone x2  
  42  4:08  Extractor  
  42  4:09  Drone x6  
  50  4:16  Roach  
  50  4:17  Roach  
  54  4:29  Roach x5  
  54  4:30  Roach  
  65  4:43  Roach x4  
  73  4:46  Overlord  
  73  4:48  Overlord  
  73  4:49  Overlord x2  
  72  5:03  Overlord x2  
  72  5:15  Roach x5  
  72  5:18  Ravager x3  
  72  5:21  Zergling x14  
  86  5:27  Spine Crawler  
  85  6:01  Drone  
  85  6:02  Drone x7, Spire  
  92  6:04  Extractor  
  92  6:09  Overlord x3  
  86  6:34  Extractor x2  
  86  6:39  Drone  
  87  6:40  Drone x4  
  87  6:45  Overseer  
  89  6:50  Hatchery, Drone x5  
  89  6:51  Drone  
  89  6:52  Overlord, Extractor  
  89  6:53  Overlord, Extractor  
  92  6:59  Glial Reconstitution  
  92  7:07  Zergling x2  
  92  7:08  Zergling x2  
  91  7:16  Mutalisk x6  
  91  7:19  Zergling x8  
  97  7:38  Mutalisk x2  
  97  7:57  Zergling x16  
  97  7:58  Zergling x6  
  102  8:08  Drone x2  
  102  8:09  Drone x4  
  108  8:13  Zerg Flyer Weapons Level 1  
  108  8:15  Drone x3  
  108  8:16  Drone x2  
  108  8:18  Drone  
  108  8:19  Queen  
  114  8:36  Roach  
  114  8:37  Roach x6  
  114  8:40  Roach x4  
  136  8:46  Ravager  
  136  8:47  Ravager x2  
  139  8:48  Zergling x2  
  136  9:08  Zergling x4  
  138  9:10  Overlord x2  
  138  9:11  Overlord  
  138  9:12  Overlord x2  
  138  9:14  Evolution Chamber x2  
  136  9:22  Overlord x2  
  110  9:47  Roach  
  110  9:48  Roach x12  
  134  9:58  Zerg Missile Weapons Level 1  
  125  10:13  Mutalisk x6  
  125  10:14  Mutalisk  
  135  10:29  Evolution Chamber  
  135  10:30  Extractor  
  135  10:31  Hatchery, Ravager  
  135  10:32  Ravager x5  
  135  10:34  Zergling x10  
  135  10:35  Extractor, Zergling x2  
  143  10:55  Overseer  
  133  11:14  Zergling x2  
  133  11:15  Zergling x18  
  91  11:31  Roach  
  91  11:32  Roach x7  
  90  11:33  Roach x4  
  86  11:47  Roach x3  
  87  12:01  Roach x6  
  90  12:11  Drone x5  
  90  12:12  Drone  
  97  12:15  Ravager x2  
  97  12:16  Ravager x2  
  97  12:17  Ravager  
  101  12:24  Zergling x2  
  101  12:28  Overseer  
Show
View Real Time Build Order
Export as new Build Order

Walnut Protoss - Winner!

Build Orders: 1 Gate Expand 

Get SALT Encoding   

  12  0:02  Probe (Chrono Boost)  
  13  0:12  Probe (Chrono Boost)  
  14  0:20  Pylon  
  14  0:23  Probe (Chrono Boost)  
  15  0:38  Probe (Chrono Boost)  
  15  0:39  Gateway  
  16  0:44  Assimilator  
  16  0:48  Probe (Chrono Boost)  
  17  0:58  Probe (Chrono Boost)  
  18  1:09  Probe (Chrono Boost)  
  19  1:19  Probe (Chrono Boost)  
  20  1:27  Cybernetics Core  
  20  1:41  Nexus  
  20  1:47  Pylon  
  20  1:50  Probe (Chrono Boost)  
  20  1:52  Assimilator  
  21  2:00  Probe (Chrono Boost)  
  22  2:03  Warp Gate  
  22  2:04  Adept (Chrono Boost)  
  24  2:15  Mothership Core  
  26  2:35  Gateway  
  26  2:42  Pylon  
  26  2:51  Probe (Chrono Boost)  
  27  2:59  Robotics Facility  
  27  3:02  Probe (Chrono Boost)  
  27  3:03  Gateway  
  28  3:10  Probe (Chrono Boost)  
  28  3:12  Probe (Chrono Boost)  
  29  3:21  Forge  
  29  3:24  Probe (Chrono Boost)  
  29  3:26  Probe (Chrono Boost)  
  31  3:30  Sentry  
  33  3:34  Probe (Chrono Boost)  
  33  3:36  Probe (Chrono Boost)  
  35  3:44  Probe (Chrono Boost)  
  36  3:50  Observer  
  36  3:53  Probe (Chrono Boost)  
  36  3:54  Probe (Chrono Boost)  
  39  3:59  Pylon  
  39  4:03  Probe (Chrono Boost), Protoss Ground Weapons Level 1  
  39  4:04  Probe (Chrono Boost)  
  39  4:08  Adept  
  39  4:09  Adept  
  45  4:11  Sentry  
  47  4:18  Probe x2 (Chrono Boost)  
  49  4:27  Immortal  
  49  4:28  Probe x2 (Chrono Boost)  
  55  4:34  Stalker  
  55  4:37  Stalker  
  59  4:39  Probe (Chrono Boost)  
  59  4:40  Probe (Chrono Boost)  
  61  4:50  Pylon  
  61  4:55  Pylon  
  61  4:56  Probe (Chrono Boost)  
  62  5:00  Twilight Council  
  62  5:02  Assimilator  
  62  5:08  Probe (Chrono Boost)  
  62  5:09  Warp Prism  
  65  5:25  Probe x2 (Chrono Boost), Gateway  
  67  5:31  Stalker  
  69  5:52  Assimilator  
  69  5:55  Stalker x2  
  67  5:59  Charge (Chrono Boost)  
  67  6:00  Protoss Ground Weapons Level 2  
  67  6:04  Probe (Chrono Boost)  
  67  6:05  Probe  
  69  6:13  Probe  
  69  6:17  Immortal, Probe  
  75  6:18  Adept  
  75  6:22  Adept  
  78  6:31  Pylon  
  78  6:37  Pylon  
  78  6:40  Nexus, Pylon x2  
  78  6:42  Pylon  
  78  6:45  Pylon  
  78  6:56  Immortal  
  78  6:58  Zealot x2  
  78  6:59  Zealot x2  
  90  7:13  Probe  
  90  7:15  Probe  
  92  7:21  Stalker x3  
  92  7:22  Stalker  
  100  7:36  Immortal  
  104  7:45  Stalker  
  104  7:46  Stalker x2  
  104  7:48  Stalker  
  100  8:06  Stalker, Probe  
  100  8:07  Probe  
  100  8:08  Probe  
  100  8:12  Gateway, Photon Cannon  
  99  8:13  Gateway  
  99  8:14  Shield Upgrade (Chrono Boost)  
  99  8:16  Probe  
  99  8:17  Probe  
  99  8:18  Photon Cannon  
  99  8:19  Photon Cannon  
  101  8:20  Probe, Photon Cannon  
  101  8:24  Photon Cannon  
  102  8:30  Templar Archives  
  102  8:31  Photon Cannon  
  102  8:35  Stalker, Photon Cannon  
  104  8:55  Stalker x2  
  106  8:56  Stalker  
  106  8:58  Stalker  
  110  9:03  Blink (Chrono Boost)  
  110  9:06  Probe x2  
  110  9:08  Probe  
  111  9:11  Assimilator  
  111  9:14  Assimilator  
  111  9:15  Warp Prism  
  111  9:16  Probe  
  113  9:19  Zealot  
  113  9:20  Probe, Zealot x4  
  125  9:25  Zealot  
  119  9:41  Stalker x5  
  129  9:57  Gateway  
  129  9:59  Forge  
  123  10:16  High Templar x2  
  123  10:19  Zealot x4  
  127  10:25  Archon  
  127  10:29  Immortal, Probe  
  127  10:31  Probe, Pylon  
  127  10:33  Pylon  
  133  10:36  Pylon  
  133  10:47  Probe, Pylon  
  134  10:55  Pylon, Zealot x4, Photon Cannon  
  142  10:57  Stalker  
  142  10:59  Sentry  
  142  11:00  Pylon  
  127  11:16  Stalker x4  
  114  11:30  Probe x2  
  114  11:32  Probe  
  109  11:38  High Templar x2  
  112  11:40  Probe x2, Zealot  
  112  11:41  Archon  
  112  11:44  Probe  
  117  11:50  Probe x2  
  117  11:51  Zealot  
  121  11:56  Probe  
  122  12:05  High Templar x2  
  122  12:07  Zealot x2  
  129  12:08  Archon  
  129  12:11  Probe x2  
  129  12:13  Probe  
  132  12:23  Observer  
Tags
 
Add a new tag
Caveats
  • Supply blocks, unpowered buildings, or Contaminate may cause inaccurate times.
  • Supply counts are checked every 10 seconds.